 Dungeon Crawl Stone Soup version 0.21-a0-150-gc243083 (webtiles) character file.

1778 drasked the Grappler (level 8, -2/80 HPs)
             Began as a Troll Monk on July 26, 2017.
             Slain by Duvessa
             ... wielding a +5 rapier of distortion
              (7 damage)
             ... on level 7 of the Dungeon.
             The game lasted 00:11:03 (5625 turns).

drasked the Grappler (Troll Monk)                   Turns: 5625, Time: 00:11:03

Health: -2/80      AC:  5    Str: 22    XL:     8   Next: 81%
Magic:  7/7        EV: 12    Int:  6    God:
Gold:   291        SH:  0    Dex: 12    Spells: 7/7 levels left

rFire    . . .     SeeInvis .     - Unarmed
rCold    . . .     Gourm    +   (no shield)
rNeg     . . .     Faith    .   a - +0 robe
rPois    .         Spirit   .   (helmet restricted)
rElec    .         Reflect  .   (no cloak)
rCorr    .         Harm     .   (gloves unavailable)
MR       .....                  (boots unavailable)
Stlth    ++........             (no amulet)
HPRegen  0.63/turn              (no ring)
MPRegen  0.10/turn              (no ring)

@: no status effects
A: unfitting armour, claws 3, fast metabolism 3, gourmand, regeneration 1,
shaggy fur 1, tough skin 2
a: no special abilities


You were on level 7 of the Dungeon.
You were very full.

You visited 2 branches of the dungeon, and saw 8 of its levels.

You collected 291 gold pieces.

Inventory:

Missiles
 v - a throwing net {=f, !d}
Armour
 a - a +0 robe (worn)
Magical Staves
 x - an uncursed staff of earth {unknown}
   (You found it on level 6 of the Dungeon)
Jewellery
 t - a cursed ring of see invisible {unknown}
   (You found it on level 4 of the Dungeon)
 B - an uncursed ring of ice {unknown}
   (You found it on level 7 of the Dungeon)
Scrolls
 d - 3 scrolls of teleportation {unknown}
 e - 2 scrolls of immolation {unknown}
 f - a scroll of recharging {unknown}
 h - 4 scrolls of remove curse {unknown}
 m - a scroll of enchant weapon {unknown}
 p - 8 scrolls of identify {unknown}
 q - 2 scrolls of amnesia {unknown}
 r - a scroll of magic mapping {unknown}
 u - a scroll of blinking {unknown}
Potions
 c - 2 potions of heal wounds {unknown}
 g - a potion of berserk rage {unknown}
 i - a potion of flight {unknown}
 j - a potion of mutation {unknown}
 k - a potion of lignification {unknown}
 l - 2 potions of curing
 s - a potion of magic {unknown}
 z - a potion of degeneration {unknown}
Books
 w - a Young Poisoner's Handbook
   (You found it on level 5 of the Dungeon)
 y - a book of Clouds
   (You found it on level 7 of the Dungeon)
Comestibles
 b - 3 bread rations {@e1}
 n - 3 royal jellies
 o - 4 meat rations {@e2}
 A - 4 chunks of flesh {@w0}


   Skills:
 + Level 5.2 Fighting
 + Level 5.3 Dodging
 - Level 1.0 Stealth
 * Level 8.7 Unarmed Combat


You had 7 spell levels left.
You didn't know any spells.

Dungeon Overview and Level Annotations

Branches:
Dungeon (7/15)             Temple (1/1) D:5

Altars:
Ashenzari
Cheibriados
Dithmenos
Elyvilon
Fedhas
Gozag
Hepliaklqana
Kikubaaqudgha
Makhleb
Nemelex Xobeh
Qazlal
Ru
Sif Muna
Trog
Uskayaw
Vehumet
Wu Jian
Xom
Yredelemnul
Zin
The Shining One
Lugonu

Annotations:
D:6 drasked's ghost, novice TrMo
D:7 Dowan; Duvessa


Innate Abilities, Weirdness & Mutations

You are too large for most types of armour.
You have claws for hands.
Your metabolism is lightning-fast.
You like to eat raw meat.
Your natural rate of healing is unusually fast.
You are covered in fur. (AC +1)
You have very tough skin. (AC +2)


Message History

You butcher the orc corpse.
A - 3 chunks of flesh {@w0}
Things that are here:
a club; a short sword; an orc corpse
Items here: )) [ † a mace; a leather armour; a club; a howler monkey corpse You butcher the howler monkey corpse.
A - 4 chunks of flesh {@w0} (gained 1)
Things that are here:
a mace; a leather armour; a club
Things that are here:
a club; a short sword; an orc corpse An orc comes into view.
An orc is nearby!
An orc is nearby!
An orc is nearby!
An orc is nearby!
You scratch the orc. The orc barely misses you.
You barely miss the orc. The orc hits you.
You take 2 damage, and have 78/80 hp.
You claw the orc!
You kill the orc!
No target in view!
No target in view!
You see here a leather armour.
An orc wizard comes into view. It is wielding an enchanted dagger.
The orc wizard shouts!
Health restored: 80 An orc wizard is nearby!
An orc wizard is nearby!
The orc wizard hits you with an enchanted dagger.
You take 2 damage, and have 78/80 hp.
You claw the orc wizard!
You kill the orc wizard!
No target in view!
No target in view!
No target in view!
An orc comes into view. It is wielding a flail.
Things that are here:
an enchanted dagger; a robe; an orc corpse; Health restored: 80 The orc shouts!
You scratch the orc. You claw the orc!
You kill the orc!
No target in view!
No target in view!
Things that are here:
a flail; an orc corpse Duvessa, Sister of Dowan comes into view.
She is wielding a rapier of distortion.
Dowan, Brother of Duvessa comes into view.
He is wielding a dagger of protection.
Unknown command.
Dowan shouts!
Duvessa throws a throwing net.
The throwing net closely misses you.
Duvessa throws a throwing net.
The throwing net closely misses you.
Duvessa hits you with a rapier of distortion!
Space warps horribly around you!
You take 32 damage, and have 48/80 hp.
MASSIVE DAMAGE!!
You claw Duvessa!
Duvessa hits you with a rapier of distortion!
You blink.
Dowan mumbles some strange words.
Dowan blinks!
You take 11 damage, and have 37/80 hp.
Dowan hits you but does no damage.
You see here a throwing net {=f, !d}.
Dowan misses you.
You barely miss Duvessa.
Duvessa hits you with a rapier of distortion!
Dowan gestures wildly while chanting.
Dowan blinks!
You take 11 damage, and have 28/80 hp.
You barely miss Duvessa.
Duvessa hits you with a rapier of distortion!
* * * LOW HITPOINT WARNING * * *
Space bends around you.
* * * LOW HITPOINT WARNING * * *
You take 13 damage, and have 15/80 hp.
You scratch Duvessa but do no damage.
Unknown command.
You mangle Duvessa!!
Duvessa hits you with a rapier of distortion.
* * * LOW HITPOINT WARNING * * *
You blink.
You take 1 damage, and have 14/80 hp.
Duvessa gestures with her weapon.
Dowan gestures at Duvessa while chanting.
Duvessa seems to speed up.
You closely miss Duvessa. Duvessa completely misses you.
You scratch Duvessa but do no damage. Duvessa barely misses you.
You scratch Duvessa but do no damage.
Duvessa hits you with a rapier of distortion!
* * * LOW HITPOINT WARNING * * *
Space warps horribly around you!
* * * LOW HITPOINT WARNING * * *
You take 23 damage, and have 4/80 hp.
MASSIVE DAMAGE!!
You scratch Duvessa.
Duvessa hits you with a rapier of distortion!
You die...

#...†............... #.#
# ###(.#######..########
#.# #.#....# #..#
#.#.###.###.)# #..# ##..
#.#...#..#######..#
#..###.###.#...........#
#.............######...#
##.............### #....
#..........e..e@.# #.#.#
#..######......#.# #.#.#
#..# #......#.# #.#.###
#..###
#########.####.....#
#.e..##.## ##)).....>.#
#.e#.#.÷. ###.......#
#..#.#§. ###.#.....#
#..#.#.# #.#.#.....#
#..#.#.### ##.#.#######


You could see Duvessa and Dowan.

Vanquished Creatures
  An orc warrior (D:7)
  A black bear (D:7)
  An ogre (D:4)
  2 sky beasts
  A necrophage (D:6)
  A scorpion (D:4)
  4 killer bees (D:7)
  2 howler monkeys
  3 crimson imps
  2 bullfrog zombies
  A hound (D:4)
  A gnoll shaman (D:5)
  An orc priest (D:7)
  A bullfrog skeleton (D:7)
  A centaur skeleton (D:5)
  A jelly (D:5)
  4 orc wizards
  An iguana (D:4)
  6 worker ants
  A killer bee zombie (D:7)
  10 gnolls
  A howler monkey skeleton (D:4)
  6 adders
  3 shadow imps
  2 adder skeletons
  2 worms
  A dart slug (D:2)
  5 leopard geckos
  19 orcs
  3 giant cockroaches
  7 goblins
  7 hobgoblins
  5 jackals
  3 quokkas
  6 bats
  3 frilled lizards
  A jackal zombie (D:6)
  8 kobolds
  9 rats
137 creatures vanquished.

Notes
Turn   | Place    | Note
-------+----------+-------------------------------------------
     0 | D:1      | drasked the Troll Monk began the quest for the Orb.
     0 | D:1      | Reached XP level 1. HP: 22/22 MP: 0/0
   333 | D:1      | Reached XP level 2. HP: 29/29 MP: 1/1
   603 | D:1      | Reached XP level 3. HP: 36/36 MP: 2/2
   923 | D:2      | Reached skill level 3 in Fighting
  1131 | D:2      | Reached XP level 4. HP: 45/45 MP: 3/3
  1398 | D:2      | Reached skill level 3 in Dodging
  1412 | D:3      | Noticed a sky beast
  1419 | D:3      | Reached skill level 4 in Unarmed Combat
  1422 | D:3      | Killed a sky beast
  1422 | D:3      | Reached XP level 5. HP: 27/53 MP: 4/4
  1425 | D:3      | HP: 13/53 [orc/dagger (2)]
  1430 | D:2      | HP: 10/53 [quokka (1)]
  1435 | D:2      | HP: 11/53 [poisoned by an adder]
  1631 | D:3      | Found a stormy altar of Qazlal.
  1656 | D:3      | Found a basalt altar of Yredelemnul.
  1695 | D:3      | Found a faded altar of an unknown god.
  1695 | D:3      | Found an ornate altar of the Wu Jian Council.
  1701 | D:3      | Found a faded altar of an unknown god.
  1703 | D:3      | Found a snail-covered altar of Cheibriados.
  1704 | D:3      | Found a hide-covered altar of Uskayaw.
  1952 | D:4      | Reached skill level 5 in Unarmed Combat
  1993 | D:4      | Found a burning altar of Makhleb.
  1993 | D:4      | Found a shimmering altar of Xom.
  2003 | D:4      | Reached XP level 6. HP: 39/61 MP: 5/5
  2071 | D:4      | HP: 9/61 [iguana (10)]
  2322 | D:4      | Found a white marble altar of Elyvilon.
  2710 | D:4      | Reached skill level 4 in Dodging
  2710 | D:4      | Reached skill level 6 in Unarmed Combat
  2710 | D:4      | Reached XP level 7. HP: 31/68 MP: 6/6
  2845 | D:4      | Reached skill level 4 in Fighting
  3006 | D:5      | Entered Level 5 of the Dungeon
  3034 | D:5      | Found a staircase to the Ecumenical Temple.
  3082 | Temple   | Entered the Ecumenical Temple
  3532 | D:5      | Found a shadowy altar of Dithmenos.
  4020 | D:6      | Found a bloodstained altar of Trog.
  4077 | D:6      | Found a hazy altar of Hepliaklqana.
  4206 | D:6      | Found a sparkling altar of Nemelex Xobeh.
  4207 | D:6      | Found a sacrificial altar of Ru.
  4207 | D:6      | Found a deep blue altar of Sif Muna.
  4216 | D:6      | Found a glowing golden altar of the Shining One.
  4373 | D:6      | Reached skill level 7 in Unarmed Combat
  4505 | D:6      | Noticed drasked's ghost (novice TrMo)
  4745 | D:6      | Reached XP level 8. HP: 72/79 MP: 7/7
  4988 | D:7      | HP: 12/79 [killer bee zombie (8)]
  4995 | D:7      | HP: 15/79 [something (6)]
  5273 | D:7      | Reached skill level 5 in Dodging
  5277 | D:7      | Reached skill level 8 in Unarmed Combat
  5411 | D:7      | Reached skill level 5 in Fighting
  5590 | D:7      | Noticed Duvessa
  5591 | D:7      | Noticed Dowan
  5600 | D:7      | HP: 15/80 [Duvessa/rapier of distortion (6)]
  5624 | D:7      | HP: 20/80 [Duvessa/rapier of distortion (7)]
  5624 | D:7      | HP: 4/80 [Duvessa/rapier of distortion (16)]
  5625 | D:7      | Slain by Duvessa

Vault maps used:
D:1:      dpeg_arrival_simpleton_b
D:2:      first_bread
D:3:      marbit_many_paths, yredelemnul_altar_generic,
          chequers_temple_overflow_minitemple, serial_glass, glass_columns_a,
          glass_columns_a
D:4:      grunt_temple_overflow_champion_of_chaos, elyvilon_altar_3,
          minmay_misc_feat_chi
D:5:      kennysheep_mini, minmay_temple_entry_statues_pillars,
          minmay_misc_feat_iff, kennysheep_generic_room_7
D:6:      old_standard_altar, minitemple, basic_altar
D:7:      cheibrodos_statue_roulette, roderic_bipointed_swastika,
          grunt_ogre_cave, uniq_duvessa
Temple:   corrupted_temple

Skill      XL: |  1  2  3  4  5  6  7  8 |
---------------+-------------------------+-----
Fighting       | 3 4 5 |  5.2
Dodging        | 3 4 5 |  5.3
Unarmed Combat | 4 5 6 7 8 |  8.7
Stealth        | |  1.0

Action                   |  1- 3 |  4- 6 |  7- 9 || total
-------------------------+-------+-------+-------++-------
Melee: Unarmed           |    87 |   153 |   200 ||   440
       Punch             |     1 |     3 |     7 ||    11
  Use: Potion            |       |       |     1 ||     1
 Stab: Sleeping          |     4 |     3 |     2 ||     9
       Distracted        |       |     1 |       ||     1
  Eat: Chunk             |    16 |    12 |    24 ||    52
       Fruit             |       |       |     3 ||     3
       Royal jelly       |       |       |     1 ||     1
Armor: Robe              |    32 |    59 |    37 ||   128
Dodge: Dodged            |    54 |    87 |    84 ||   225

Vault maps used:
D:1:      dpeg_arrival_simpleton_b
D:2:      first_bread
D:3:      marbit_many_paths, yredelemnul_altar_generic,
          chequers_temple_overflow_minitemple, serial_glass, glass_columns_a,
          glass_columns_a
D:4:      grunt_temple_overflow_champion_of_chaos, elyvilon_altar_3,
          minmay_misc_feat_chi
D:5:      kennysheep_mini, minmay_temple_entry_statues_pillars,
          minmay_misc_feat_iff, kennysheep_generic_room_7
D:6:      old_standard_altar, minitemple, basic_altar
D:7:      cheibrodos_statue_roulette, roderic_bipointed_swastika,
          grunt_ogre_cave, uniq_duvessa
Temple:   corrupted_temple

Table legend:
 A = Turns spent in this place as a percentage of turns spent in the entire game.
 B = Non-inter-level travel turns spent in this place as a percentage of non-inter-level travel turns spent in the entire game.
 C = Inter-level travel turns spent in this place as a percentage of turns spent in this place.
 D = Turns resting spent in this place as a percentage of non-inter-level travel turns spent in this place.
 E = Turns spent auto-exploring this place as a percentage of non-inter-level travel turns spent in this place.
 F = Non-inter-level travel turns spent in this place divided by the number of levels of this place that you've seen.
                   A       B       C       D       E      F
               +-------+-------+-------+-------+-------+----------------------
         Total | 100.0 | 100.0 |   0.4 |   2.1 |   8.2 | 302.8
       Dungeon |  97.7 |  97.7 |   0.4 |   2.1 |   7.9 | 338.1
        Temple |   2.3 |   2.3 |   0.0 |   0.0 |  18.2 |  55.0
               +-------+-------+-------+-------+-------+----------------------

Table legend:
 A = Kills in this place as a percentage of kills in entire the game.
 B = Kills by you in this place as a percentage of kills by you in the entire game.
 C = Kills by friends in this place as a percentage of kills by friends in the entire game.
 D = Other kills in this place as a percentage of other kills in the entire game.
 E = Experience gained in this place as a percentage of experience gained in the entire game.
 F = Experience gained in this place divided by the number of levels of this place that you have seen.
                   A       B       C       D       E      F
               +-------+-------+-------+-------+-------+----------------------
         Total | 100.0 | 100.0 |  -nan |  -nan | 100.0 | 317.6
       Dungeon | 100.0 | 100.0 |  -nan |  -nan | 100.0 | 363.0
               +-------+-------+-------+-------+-------+----------------------
